 Dungeon Crawl Stone Soup version bcrawl-1.19.1 (webtiles) character file.

Game seed: 16026667022124670040

4 mahrnol the Conjurer (level 1, 0/10 HPs)
             Began as a Skeleton Conjurer on Nov 28, 2019.
             Slain by a worm (10 damage)
             ... on level 1 of the Dungeon on Nov 29, 2019.
             The game lasted 00:01:28 (38 turns).

mahrnol the Conjurer (Skeleton Conjurer)              Turns: 38, Time: 00:01:29

Health: 0/10       AC:  2    Str: 14    XL:     1   Next: 50%
Magic:  0/4        EV: 12    Int: 13    God:
Gold:   0          SH:  0    Dex:  9    Spells: 5/6 levels left

rFire    . . .     SeeInvis .   (no weapon)
rCold    + . .     Gourm    .   (no shield)
rNeg     + + +     Faith    .   a - +0 robe
rPois    ∞         Spirit   +   (no helmet)
rElec    .         Reflect  .   (no cloak)
rCorr    .         Harm     .   (no gloves)
MR       .....                  (no boots)
Stlth    ++........             b - amulet of the acrobat
HPRegen  0.03/turn              (no ring)
MPRegen  0.09/turn              (no ring)

@: no status effects
A: no food or potions, cold resistance 1, deterioration 1, negative energy
resistance 3, torment resistance, unbreathing, magic shield, sturdy frame 1,
spell healing
a: no special abilities


You were on level 1 of the Dungeon.
You were not hungry.

You visited 1 branch of the dungeon, and saw 1 of its levels.

Inventory:

Armour
 a - a +0 robe (worn)
Jewellery
 b - an amulet of the acrobat (around neck)


   Skills:
 + Level 2.0 Dodging
 + Level 2.6 Stealth
 + Level 3.0 Spellcasting
 + Level 5.0 Conjurations


You had 5 spell levels left.
You knew the following spells:

 Your Spells              Type           Power        Failure   Level  Hunger
a - Magic Dart            Conj           ###.         3%          1    N/A

Your spell library contained the following spells:

 Spells                   Type           Power        Failure   Level  Hunger
 Searing Ray              Conj           ###...       4%          2    N/A
 Iskenderun's Mystic Bla  Conj           ###.....     9%          3    N/A
 Fulminant Prism          Conj/Hex       #.........   63%         4    N/A
 Irradiate                Conj/Tmut      #.........   92%         5    N/A

Dungeon Overview and Level Annotations

Branches:
Dungeon (1/12)

Altars:


Innate Abilities, Weirdness & Mutations

You do not eat or drink.
You are immune to poison.
Your flesh is cold resistant. (rC+)
Your body sometimes deteriorates upon taking damage.
You are immune to negative energy. (rN+++)
You are immune to unholy pain and torment.
You can survive without breathing.
When hurt, damage is shared between your health and your magic reserves.
Your movements are slightly less encumbered by armour. (ER -2)
Casting spells heals you.


Message History

The giant cockroach misses you.
You hit the giant cockroach.
The giant cockroach is almost dead.
The giant cockroach bites you but does no damage.
You hit the giant cockroach.
You kill the giant cockroach!
Your Conjurations skill increases to level 5!
Casting: Magic Dart (safe; 3% risk of failure)
Confirm with . or Enter, or press ? or * to list all spells.
Aiming: Magic Dart (safe; 3% risk of failure)
Press: ? - help, Shift-Dir - straight line, f - kobold
Aim: a kobold, wielding a +0 dagger The magic dart hits the kobold.
You kill the kobold!
Your magical contamination has completely faded away.
You hit the worm but do no damage. The worm bites you but does no damage.
You hit the worm but do no damage. You hit the worm but do no damage.
The worm bites you!
Ouch! That really hurt!
You die...

#.........#
#.........## ##
#........... (.
#.....♣...# #.
##....8....# #.
#..<.......## #.
#...........#
#.###...........##
#..#@............#
##gw.######....#.>
#..#.# #....#
#....$##.# #....#
......# #.#
#...... ...... #.#
#........ ......
#.. #...>.##.
..... ##. #.....#
#.... . ##.##..


You could see a worm and a goblin.

Vanquished Creatures
  A giant cockroach (D:1)
  2 kobolds (D:1)
3 creatures vanquished.

Notes
Turn   | Place    | Note
-------+----------+-------------------------------------------
     0 | D:1      | mahrnol the Skeleton Conjurer began the quest for the Orb.
     0 | D:1      | Reached XP level 1. HP: 10/10 MP: 4/4
    34 | D:1      | Reached skill level 5 in Conjurations
    38 | D:1      | Slain by a worm

Skill      XL: |  1 |
---------------+----+-----
Conjurations   | 5 |  5.0
Dodging        | |  2.0
Stealth        | |  2.6
Spellcasting   | |  3.0

Action                   || total
-------------------------++-------
Melee: Unarmed           ||    14
 Cast: Magic Dart        ||     4
Armor: Robe              ||     3
Dodge: Dodged            ||    15
